NWL (28 & UNDER)
SAN DIEGO SMASHERS @ MOOSE JAW GHOSTBUSTERS
09/21/2028
 
TOP OF THE 1ST
San Diego Smashers batting - Pitching for Moose Jaw Ghostbusters : RHP Kevin Bader
Pitching: RHP Kevin Bader
Batting: RHB Manny Torrez 0-0: Ball
1-0: Ground out 6-3 (Groundball, 6)
Batting: RHB Ray Rogers 0-0: Ball
1-0: Ground out 6-3 (Groundball, 6)
Batting: LHB Arthur MacDonald 0-0: Called Strike
0-1: Swinging Strike
0-2: Strikes out swinging
Top of the 1st over - 0 run(s), 0 hit(s), 0 error(s), 0 left on base; San Diego 0 - Moose Jaw 0
BOTTOM OF THE 1ST
Moose Jaw Ghostbusters batting - Pitching for San Diego Smashers : RHP Vicente Calderón
Pitching: RHP Vicente Calderón
Batting: RHB Nicholas Harris 0-0: Ball
1-0: Foul Ball, location: 2F
1-1: Ball
2-1: Ground out 2-3 (Groundball, 2R)
Batting: LHB Will Vale 0-0: Ball
1-0: Ball
2-0: Called Strike
2-1: SINGLE (Flyball, 7LS)
Batting: LHB Dave Stewart 0-0: Foul Ball, location: 2F
0-1: Foul Ball, location: 2F
0-2: Grounds into double play, 4-6-3 (Groundball, 4)
Bottom of the 1st over - 0 run(s), 1 hit(s), 0 error(s), 0 left on base; San Diego 0 - Moose Jaw 0
TOP OF THE 2ND
San Diego Smashers batting - Pitching for Moose Jaw Ghostbusters : RHP Kevin Bader
Batting: LHB Richard Brooks 0-0: Called Strike
0-1: SINGLE (Line Drive, 7S)
Batting: RHB Dave King 0-0: Ball
1-0: Ball
2-0: Fly out, F8 (Flyball, 8LXD)
Batting: RHB Gustavo Torres 0-0: Called Strike
Richard Brooks steals 2nd base
0-1: Ball
1-1: Ball
2-1: Foul Ball, location: 2F
2-2: Ball
3-2: Base on Balls
Batting: LHB Michael Myers 0-0: Ball
1-0: Ball
2-0: Ball
3-0: Base on Balls
Richard Brooks to third
Gustavo Torres to second
Batting: SHB Walt Rodgers 0-0: Ball
1-0: Swinging Strike
1-1: Fly out, F9 (Flyball, 9LMF)
Runner from 3rd tags up, SCORES, no throw
Batting: LHB Dale Miller 0-0: Fly out, F7 (Line Drive, 78S)
Top of the 2nd over - 1 run(s), 1 hit(s), 0 error(s), 2 left on base; San Diego 1 - Moose Jaw 0
BOTTOM OF THE 2ND
Moose Jaw Ghostbusters batting - Pitching for San Diego Smashers : RHP Vicente Calderón
Batting: LHB Francisco Cardenas 0-0: Ball
1-0: DOUBLE (Groundball, 5L)
Batting: SHB Rafael Acosta 0-0: Ball
1-0: Ball
2-0: Ball
3-0: Called Strike
3-1: Base on Balls
Batting: RHB Billy Mullins 0-0: Called Strike
0-1: Called Strike
0-2: Fly out, F2 (Popup, 2R)
Batting: LHB Jon Scott 0-0: Fly out, F4 (Popup, 4S)
Batting: RHB Henry Barker 0-0: Called Strike
0-1: Ball
1-1: Ball
2-1: Ground out 4-3 (Groundball, 4S)
Bottom of the 2nd over - 0 run(s), 1 hit(s), 0 error(s), 2 left on base; San Diego 1 - Moose Jaw 0
TOP OF THE 3RD
San Diego Smashers batting - Pitching for Moose Jaw Ghostbusters : RHP Kevin Bader
Batting: RHB Manny Torrez 0-0: Called Strike
0-1: Swinging Strike
0-2: Ground out 5-3 (Groundball, 56S)
Batting: RHB Ray Rogers 0-0: Ball
1-0: Ground out 5-3 (Groundball, 5)
Batting: LHB Arthur MacDonald 0-0: Ball
1-0: Foul Ball, location: 2F
1-1: SINGLE (Groundball, 34) (infield hit)
Batting: LHB Richard Brooks 0-0: Ball
Arthur MacDonald steals 2nd base
1-0: Fly out, F2 (Popup, 15)
Top of the 3rd over - 0 run(s), 1 hit(s), 0 error(s), 1 left on base; San Diego 1 - Moose Jaw 0
BOTTOM OF THE 3RD
Moose Jaw Ghostbusters batting - Pitching for San Diego Smashers : RHP Vicente Calderón
Batting: RHB Donald Fenner 0-0: Ball
1-0: Ground out 5-3 (Groundball, 56S)
Batting: RHB Nicholas Harris 0-0: Called Strike
0-1: SINGLE (Line Drive, 9S)
Batting: LHB Will Vale 0-0: Ball
1-0: Ball
Nicholas Harris is caught stealing 2nd base
2-0: Ball
3-0: Called Strike
3-1: SINGLE (Groundball, 4MD)
Batting: LHB Dave Stewart 0-0: Ball
1-0: Ball
2-0: Called Strike
2-1: Ball
3-1: SINGLE (Groundball, 4MD)
Will Vale to second
Batting: LHB Francisco Cardenas 0-0: Ball
1-0: Ball
2-0: Ball
3-0: Called Strike
3-1: SINGLE (Line Drive, 7LS)
Will Vale to third
Dave Stewart to second
Batting: SHB Rafael Acosta 0-0: Ball
1-0: Swinging Strike
1-1: Swinging Strike
1-2: Ball
2-2: Ball
3-2: Strikes out swinging
Bottom of the 3rd over - 0 run(s), 4 hit(s), 0 error(s), 3 left on base; San Diego 1 - Moose Jaw 0
TOP OF THE 4TH
San Diego Smashers batting - Pitching for Moose Jaw Ghostbusters : RHP Kevin Bader
Batting: RHB Dave King 0-0: Ball
1-0: Foul Ball, location: 2F
1-1: Ground out 5-3 (Groundball, 56)
Batting: RHB Gustavo Torres 0-0: Ball
1-0: Called Strike
1-1: Foul Ball, location: 2F
1-2: Foul Ball, location: 2F
1-2: Ball
2-2: Foul Ball, location: 2F
2-2: Ball
3-2: Foul Ball, location: 2F
3-2: Foul Ball, location: 2F
3-2: Fly out, F3 (Line Drive, 3)
Batting: LHB Michael Myers 0-0: Called Strike
0-1: Foul Ball, location: 2F
0-2: Strikes out looking
Top of the 4th over - 0 run(s), 0 hit(s), 0 error(s), 0 left on base; San Diego 1 - Moose Jaw 0
BOTTOM OF THE 4TH
Moose Jaw Ghostbusters batting - Pitching for San Diego Smashers : RHP Vicente Calderón
Batting: RHB Billy Mullins 0-0: Ball
1-0: Swinging Strike
1-1: Ball
2-1: Called Strike
2-2: Foul Ball, location: 2F
2-2: Ball
3-2: Foul Ball, location: 2F
3-2: Base on Balls
Batting: LHB Jon Scott 0-0: Called Strike
0-1: Ball
1-1: Ball
2-1: Foul Ball, location: 2F
2-2: Strikes out looking
Batting: RHB Henry Barker 0-0: Ground out 3-1 (Groundball, 34)
Billy Mullins to second
Batting: RHB Donald Fenner 0-0: Ball
1-0: Ground out 5-3 (Groundball, 5)
Bottom of the 4th over - 0 run(s), 0 hit(s), 0 error(s), 1 left on base; San Diego 1 - Moose Jaw 0
TOP OF THE 5TH
San Diego Smashers batting - Pitching for Moose Jaw Ghostbusters : RHP Kevin Bader
Batting: SHB Walt Rodgers 0-0: Ground out 3-1 (Groundball, 34)
Batting: LHB Dale Miller 0-0: Ball
1-0: Foul Ball, location: 2F
1-1: Bunt missed!
1-2: Ball
2-2: Foul Ball, location: 2F
2-2: Foul Ball, location: 2F
2-2: Ball
3-2: Foul Ball, location: 2F
3-2: DOUBLE (Line Drive, 7LS)
Batting: RHB Manny Torrez 0-0: Ball
1-0: Ball
2-0: Ball
3-0: Base on Balls
Batting: RHB Ray Rogers 0-0: Called Strike
0-1: Ball
1-1: Swinging Strike
1-2: Ball
2-2: Foul Ball, location: 2F
2-2: Ball
3-2: Foul Ball, location: 2F
3-2: Strikes out swinging
Dale Miller steals 3rd base
Batter strikes out.
Manny Torrez to second
Batting: LHB Arthur MacDonald 0-0: Ground out U3 (Groundball, 34)
Top of the 5th over - 0 run(s), 1 hit(s), 0 error(s), 2 left on base; San Diego 1 - Moose Jaw 0
BOTTOM OF THE 5TH
Moose Jaw Ghostbusters batting - Pitching for San Diego Smashers : RHP Vicente Calderón
Batting: RHB Nicholas Harris 0-0: Ball
1-0: Foul Ball, location: 2F
1-1: Ball
2-1: DOUBLE (Groundball, 5L)
Batting: LHB Will Vale 0-0: Ball
Nicholas Harris is caught stealing 3rd base
1-0: Fly out, F6 (Flyball, 6D)
Batting: LHB Dave Stewart 0-0: Called Strike
0-1: Ball
1-1: Fly out, F7 (Line Drive, 7)
Bottom of the 5th over - 0 run(s), 1 hit(s), 0 error(s), 0 left on base; San Diego 1 - Moose Jaw 0
TOP OF THE 6TH
San Diego Smashers batting - Pitching for Moose Jaw Ghostbusters : RHP Kevin Bader
Batting: LHB Richard Brooks 0-0: SINGLE (Line Drive, 6MD)
Batting: RHB Dave King 0-0: Ball
1-0: Ball
2-0: Single, Error in OF, E7, batter to second base
Richard Brooks to third
Batting: RHB Gustavo Torres 0-0: Ball
1-0: Ball
2-0: Foul Ball, location: 2F
2-1: Reached on error, E5 (Groundball, 5)
Richard Brooks scores
Dave King to third
Batting: LHB Michael Myers 0-0: Ball
1-0: Fly out, F9 (Line Drive, 9)
Runner from 3rd tags up, OUT at HOME
Gustavo Torres to second
Batting: SHB Walt Rodgers 0-0: Ball
1-0: Ball
Gustavo Torres steals 3rd base
2-0: Called Strike
2-1: Ground out 4-3 (Groundball, 34)
Top of the 6th over - 1 run(s), 2 hit(s), 2 error(s), 1 left on base; San Diego 2 - Moose Jaw 0
BOTTOM OF THE 6TH
Moose Jaw Ghostbusters batting - Pitching for San Diego Smashers : RHP Vicente Calderón
Batting: LHB Francisco Cardenas 0-0: Called Strike
0-1: Foul Ball, location: 2F
0-2: Foul Ball, location: 2F
0-2: Ball
1-2: Foul Ball, location: 2F
1-2: SINGLE (Groundball, 6D)
Batting: SHB Rafael Acosta 0-0: Ball
1-0: Foul Ball, location: 2F
1-1: Ball
2-1: Called Strike
2-2: Strikes out swinging
Batting: RHB Ron Elazar 0-0: Ball
1-0: 2-RUN HOME RUN (Line Drive, 7LD), Distance : 377 ft
Batting: LHB Jon Scott 0-0: Called Strike
0-1: Ball
1-1: Ball
2-1: Foul Ball, location: 2F
2-2: Ball
3-2: Foul Ball, location: 2F
3-2: Base on Balls
Pitching: LHP Alejandro Flores
Batting: RHB Henry Barker 0-0: Called Strike
0-1: Ball
1-1: Ball
2-1: Ground out 5-3 (Groundball, 56S)
Jon Scott to second
Batting: RHB Donald Fenner 0-0: Ball
1-0: Foul Ball, location: 2F
1-1: Ball
2-1: SINGLE (Line Drive, 8LS)
Jon Scott to third
Runner from 3rd tries for Home, SAFE, no throw
Batting: RHB Nicholas Harris 0-0: 2-RUN HOME RUN (Line Drive, 78XD), Distance : 429 ft
Pitching: LHP Jorge Mora
Batting: LHB Will Vale 0-0: Called Strike
0-1: Ball
1-1: SINGLE (Line Drive, 7LS)
Batting: LHB Dave Stewart 0-0: Called Strike
0-1: Ball
1-1: Swinging Strike
1-2: Fly out, F8 (Line Drive, 78M)
Bottom of the 6th over - 5 run(s), 5 hit(s), 0 error(s), 1 left on base; San Diego 2 - Moose Jaw 5
TOP OF THE 7TH
San Diego Smashers batting - Pitching for Moose Jaw Ghostbusters : RHP Kevin Bader
Now at 2B: Ron Elazar
Batting: LHB Dale Miller 0-0: Ball
1-0: Ball
2-0: Called Strike
2-1: SINGLE (Groundball, 6D)
Pitching: RHP Bennett Greer
Batting: RHB Manny Torrez 0-0: Swinging Strike
0-1: Foul Ball, location: 2F
0-2: Strikes out swinging
Batting: RHB Ray Rogers 0-0: Ball
1-0: Called Strike
1-1: Foul Ball, location: 2F
1-2: Strikes out swinging
Batting: LHB Arthur MacDonald 0-0: Ball
1-0: Called Strike
1-1: Foul Ball, location: 2F
1-2: Ball
2-2: Strikes out looking
Top of the 7th over - 0 run(s), 1 hit(s), 0 error(s), 1 left on base; San Diego 2 - Moose Jaw 5
BOTTOM OF THE 7TH
Moose Jaw Ghostbusters batting - Pitching for San Diego Smashers : LHP Jorge Mora
Batting: LHB Francisco Cardenas 0-0: Swinging Strike
0-1: Ball
1-1: Ball
2-1: Foul Ball, location: 2F
2-2: Ball
3-2: Strikes out swinging
Batting: SHB Rafael Acosta 0-0: Foul Ball, location: 2F
0-1: Ground out 6-3 (Groundball, 6S)
Batting: RHB Ron Elazar 0-0: Foul Ball, location: 2F
0-1: Fly out, F9 (Flyball, 9S)
Bottom of the 7th over - 0 run(s), 0 hit(s), 0 error(s), 0 left on base; San Diego 2 - Moose Jaw 5
TOP OF THE 8TH
San Diego Smashers batting - Pitching for Moose Jaw Ghostbusters : RHP Bennett Greer
Batting: LHB Richard Brooks 0-0: Ball
1-0: Fly out, F7 (Flyball, 7)
Batting: RHB Dave King 0-0: Called Strike
0-1: Ball
1-1: Foul Ball, location: 2F
1-2: Strikes out swinging
Batting: RHB Gustavo Torres 0-0: Called Strike
0-1: Called Strike
0-2: Ball
1-2: Strikes out swinging
Top of the 8th over - 0 run(s), 0 hit(s), 0 error(s), 0 left on base; San Diego 2 - Moose Jaw 5
BOTTOM OF THE 8TH
Moose Jaw Ghostbusters batting - Pitching for San Diego Smashers : LHP Jorge Mora
Batting: LHB Jon Scott 0-0: Called Strike
0-1: Ball
1-1: Ball
2-1: Ball
3-1: Base on Balls
Batting: RHB Henry Barker 0-0: Called Strike
0-1: Fly out, F8 (Flyball, 8RS)
Batting: RHB Donald Fenner 0-0: Ball
1-0: Ball
2-0: Swinging Strike
2-1: Foul Ball, location: 2F
2-2: SINGLE (Line Drive, 78S)
Jon Scott to second
Batting: RHB Nicholas Harris 0-0: Called Strike
0-1: Ground out 6-3 (Groundball, 6S)
Jon Scott to third
Donald Fenner to second
Batting: LHB Will Vale 0-0: Called Strike
0-1: Called Strike
0-2: Foul Ball, location: 2F
0-2: Foul Ball, location: 2F
0-2: Ball
1-2: Foul Ball, location: 2F
1-2: Ball
2-2: Ball
3-2: Base on Balls
Pinch Hitting: RHB Yasuhiko Sumita 0-0: Called Strike
0-1: Called Strike
0-2: Ball
1-2: Fly out, F8 (Flyball, 8RD)
Bottom of the 8th over - 0 run(s), 1 hit(s), 0 error(s), 3 left on base; San Diego 2 - Moose Jaw 5
TOP OF THE 9TH
San Diego Smashers batting - Pitching for Moose Jaw Ghostbusters : RHP Bennett Greer
Pitching: LHP Javier Galeas
Now in CF: Chris Waggoner
Batting: LHB Michael Myers 0-0: Foul Ball, location: 2F
0-1: Foul Ball, location: 2F
0-2: Ball
1-2: Ball
2-2: Ground out 2-3 (Groundball, 15S)
Batting: SHB Walt Rodgers 0-0: Swinging Strike
0-1: Called Strike
0-2: Foul Ball, location: 2F
0-2: Ball
1-2: Ball
2-2: Ball
3-2: Base on Balls
Batting: LHB Dale Miller 0-0: Foul Ball, location: 2F
0-1: Ball
1-1: Fielders Choice at 2nd, 1-6 (Groundball, 13)
Batting: RHB Manny Torrez 0-0: Ball
1-0: Ball
2-0: Called Strike
2-1: Ball
3-1: DOUBLE (Line Drive, 9LS)
Dale Miller to third
Runner from 3rd tries for Home, throw and OUT!
Top of the 9th over - 0 run(s), 1 hit(s), 0 error(s), 1 left on base; San Diego 2 - Moose Jaw 5
Tuesday, August 8th, 2017 - OOTP Baseball 17.12 Build 75